 Dungeon Crawl Stone Soup version 0.31.0-9-g3a7656b989 (webtiles) character file.

Game seed: 17286869148918759957

126 qw the Shooter (level 4, -4/23 HPs)
             Began as a Spriggan Hunter on Feb 2, 2024.
             Killed from afar by Natasha (7 damage)
             ... with a magic dart
             ... on level 3 of the Dungeon.
             The game lasted 00:00:08 (1680 turns).

qw the Shooter (Spriggan Hunter)                    Turns: 1680, Time: 00:00:08

Health: -4/23      AC:  2    Str:  7    XL:     4   Next: 83%
Magic:  5/5        EV: 21    Int: 10    God:
Gold:   108        SH:  0    Dex: 22    Spells: 3/3 levels left

rFire   . . .        a - +1 shortbow
rCold   . . .        (shield currently unavailable)
rNeg    . . .        c - +0 robe
rPois   .            (helmet restricted)
rElec   .            (no cloak)
rCorr   .            (gloves unavailable)
SInv    +            (boots unavailable)
Will    .....        (no amulet)
Stlth   ++           j - +1 ring of evasion
HPRegen 0.23/turn    k - +2 ring of dexterity
MPRegen 0.09/turn

%: no passive effects
@: about to teleport, slowed, quick
A: very small, no large weapons, unfitting armour, see invisible, speed 3
a: no special abilities


You were on level 3 of the Dungeon.
You visited 1 branch of the dungeon, and saw 3 of its levels.

You collected 173 gold pieces.
You spent 65 gold pieces at shops.


Innate Abilities, Weirdness & Mutations

You are very small and have problems with some larger weapons.
You are too small for most types of armour.
You have supernaturally acute eyesight. (SInv)
You cover ground extremely quickly. (Speed+++)


   Skills:
 - Level 2.1 Fighting
 + Level 5.0 Ranged Weapons
 - Level 5.0 Dodging
 - Level 1.5 Stealth


You had 3 spell levels left.
You didn't know any spells.
Your spell library was empty.

Inventory:

Hand Weapons
 a - a +1 shortbow (weapon)
Armour
 c - a +0 robe (worn)
Jewellery
 b - a ring of magical power
 j - a +1 ring of evasion (left hand)
 k - a +2 ring of dexterity (right hand)
Scrolls
 d - a scroll of immolation {unknown}
 i - 3 scrolls of teleportation
 l - a scroll of identify
Potions
 e - a potion of degeneration {unknown}
 f - 2 potions of enlightenment
 g - a potion of heal wounds
 h - a potion of might {unknown}

Dungeon Overview and Level Annotations

Branches:
Dungeon (3/15)

Altars:

Shops:
D:2 =

Annotations:
D:3 Natasha


Message History

You kill the hobgoblin!
You shoot an arrow. The arrow completely misses Natasha.
Natasha claws you!
You shoot an arrow. The arrow hits Natasha.
Natasha is moderately wounded.
Natasha completely misses you.
You shoot an arrow. The arrow barely misses Natasha.
Natasha completely misses you.
You shoot an arrow. The arrow closely misses Natasha.
Natasha casts a spell.
Natasha stares at you and mumbles some strange words.
You feel yourself slow down.
You shoot an arrow. The arrow closely misses Natasha.
Natasha barely misses you. The cerulean imp misses you.
You shoot an arrow. The arrow hits Natasha.
Natasha is heavily wounded.
The cerulean imp barely misses you. Natasha barely misses you.
The cerulean imp misses you.
Natasha stares at you and mumbles some strange words.
The magic dart hits you.
You shoot an arrow. The arrow closely misses Natasha.
Natasha completely misses you.
The cerulean imp hits you from afar with a +2 spear.
The cerulean imp barely misses you.
Natasha howls an incantation.
You feel disoriented. Natasha barely misses you.
You shoot an arrow. The arrow hits Natasha!
Natasha is almost dead.
The cerulean imp hits you from afar with a +2 spear.
Natasha casts a spell.
1680 ||| READING 4 scrolls of teleportation.
As you read the scroll of teleportation, it crumbles to dust.
You feel strangely unstable. Natasha completely misses you.
The cerulean imp closely misses you.
The cerulean imp hits you but does no damage.
Natasha casts a spell at you. The magic dart hits you!
You die...
Natasha curls up and begins to purr.

############
#..........####
########.####.###.....
#......[.# #..5.5.#####.
#.###########..h@.......
#...........#.###%#####.
#....######.#.# .#
.....# #.# .# #.#..# #..
.. #%#..# #.. #. #.#..#
.. .. ...#.# .# >.#..#


You could see Natasha and 2 cerulean imps.

Vanquished Creatures
  Natasha (D:3)
  A gnoll (D:1)
  An adder (D:2)
  4 dart slugs
  An orc (D:3)
  7 ball pythons
  7 endoplasms
  4 giant cockroaches
  2 goblins (D:2)
  5 hobgoblins
  4 jackals (D:2)
  11 kobolds
  3 quokkas
  4 bats
  4 frilled lizards
  8 rats
67 creatures vanquished.

Notes
Turn   | Place    | Note
-------+----------+-------------------------------------------
     0 | D:1      | qw the Spriggan Hunter began the quest for the Orb.
     0 | D:1      | Reached XP level 1. HP: 10/10 MP: 2/2
     0 | D:1      | 0 ||| qw: Version: 0.3-a-155-g5e7d8dd
     0 | D:1      | 0 ||| qw: Game counter: 2526
     0 | D:1      | 0 ||| qw: Melee chars always use a shield: true
     0 | D:1      | 0 ||| qw: God list: Okawaru
     0 | D:1      | 0 ||| qw: Allow faded altars: false
     0 | D:1      | 0 ||| qw: Do Orc after clearing Dungeon:15 true
     0 | D:1      | 0 ||| qw: Do second Lair branch before Depths: true
     0 | D:1      | 0 ||| qw: Lair rune preference: random
     0 | D:1      | 0 ||| qw: Goals: Normal
     0 | D:1      | 0 ||| PLANNING D:1-11
    19 | D:1      | Reached skill level 3 in Dodging
    72 | D:1      | Reached XP level 2. HP: 12/14 MP: 3/3
   426 | D:1      | Reached XP level 3. HP: 18/18 MP: 4/4
   597 | D:1      | 597 ||| READING scroll labelled EROULL KIUXTEGG.
   597 | D:1      | 597 ||| ENCHANTING +0 shortbow.
   598 | D:1      | 598 ||| READING scroll labelled QIAHER RIDU.
   598 | D:1      | 598 ||| IDENTIFYING blue potion
   599 | D:1      | 599 ||| READING 2 scrolls labelled OCOC SOXAMN.
   603 | D:1      | 603 ||| DROPPING scroll of butterflies.
   687 | D:2      | 687 ||| FLEEEEING.
   688 | D:2      | 688 ||| FLEEEEING.
   689 | D:2      | 689 ||| FLEEEEING.
   691 | D:2      | 691 ||| FLEEEEING.
   692 | D:2      | 692 ||| FLEEEEING.
   693 | D:2      | 693 ||| FLEEEEING.
   694 | D:2      | 694 ||| FLEEEEING.
   695 | D:2      | 695 ||| FLEEEEING.
   696 | D:2      | 696 ||| FLEEEEING.
   697 | D:2      | 697 ||| FLEEEEING.
   698 | D:2      | 698 ||| FLEEEEING.
   797 | D:2      | 797 ||| FLEEEEING.
   897 | D:2      | Found Kila's One-of-a-Kind Rings.
   906 | D:2      | 906 ||| BUYING +1 ring of evasion (26 gold).
   906 | D:2      | Bought a +1 ring of evasion for 26 gold pieces
   906 | D:2      | 906 ||| BUYING +2 ring of dexterity (39 gold).
   906 | D:2      | Bought a +2 ring of dexterity for 39 gold pieces
   906 | D:2      | 906 ||| SHOPLISTING +2 ring of protection (130 gold, have
                  | 34).
   906 | D:2      | 906 ||| SHOPLISTING +7 ring of evasion (858 gold, have 34).
   906 | D:2      | 906 ||| SHOPLISTING ring "Kyhizogo" {rF+ rC+ Will+} (579
                  | gold, have 34).
   906 | D:2      | 906 ||| SHOPLISTING ring of Awe {Wiz +Blink rC++} (799
                  | gold, have 34).
   965 | D:2      | Reached XP level 4. HP: 22/22 MP: 5/5
  1291 | D:2      | 1291 ||| UPGRADING to +1 ring of evasion.
  1292 | D:2      | 1292 ||| UPGRADING to +2 ring of dexterity.
  1293 | D:2      | 1293 ||| READING scroll labelled WOEJYD WENLY.
  1333 | D:2      | 1333 ||| READING scroll labelled CYIPUISOEN.
  1333 | D:2      | 1333 ||| ENCHANTING +0 shortbow.
  1334 | D:2      | 1334 ||| DRINKING 2 fuming cyan potions.
  1579 | D:3      | Noticed Natasha
  1583 | D:3      | 1583 ||| RETREEEEATING.
  1588 | D:3      | Killed Natasha
  1665 | D:3      | Noticed Natasha
  1679 | D:3      | HP: 2/23 [cerulean imp/+2 spear[Natasha] (4)]
  1680 | D:3      | 1680 ||| READING 4 scrolls of teleportation.
  1680 | D:3      | Killed from afar by Natasha

Levels and vault maps discovered:
D:1:      wander_arrival_fairy_ring, layout_basic
D:2:      layout_basic, hex_intersection, nicolae_shop_unique_rings,
          minmay_vboxes
D:3:      layout_loops_ring, uniq_natasha

Skill      XL: |  1  2  3  4 |
---------------+-------------+-----
Dodging        | 4 5 |  5.0
Ranged Weapons | 5 |  5.0
Fighting       | 2 |  2.1
Stealth        | |  1.5

Action                     |  1- 3 |  4- 6 || total
---------------------------+-------+-------++-------
   Fire: Shortbow          |   111 |    62 ||   173
    Use: Scroll            |     3 |     3 ||     6
         Potion            |       |     1 ||     1
 Armour: Robe              |     4 |    14 ||    18
  Dodge: Dodged            |    35 |    31 ||    66

Table legend:
 A = Non-vault XP
 B = Vault XP
 C = Vault XP percentage of total XP
 D = Non-vault monster count
 E = Vault monster count
 F = Vault count percentage of total count
                 A         B        C        D         E       F
            +---------+---------+-------+---------+---------+-------
      Total |     128 |      52 |  28.9 |      59 |       8 |  11.9
            +---------+---------+-------+---------+---------+-------
        D:1 |      52 |       0 |   0.0 |      22 |       0 |   0.0
        D:2 |      59 |      16 |  21.3 |      28 |       7 |  20.0
        D:3 |      17 |      36 |  67.9 |       9 |       1 |  10.0
            +---------+---------+-------+---------+---------+-------
